 Dungeon Crawl Stone Soup version 0.29-a0-410-g9596d59a08 (webtiles) character file.

Game seed: 3575445663900760521

198 Bruhh the Magician (level 6, -2/46 HPs)
             Began as a Djinni Cinder Acolyte on May 14, 2022.
             Was a High Priest of Ignis.
             Slain by a necrophage (3 damage)
             ... on level 3 of the Dungeon.
             The game lasted 00:04:59 (4595 turns).

Bruhh the Magician (Djinni Cinder Acolyte)          Turns: 4595, Time: 00:04:59

Health: -2/46      AC:  9    Str: 13    XL:     6   Next: 5%
Gold:   172        EV: 11    Int: 18    God:    Ignis [*****.] SH:  0 Dex:  8

rFire   + + +      SeeInvis .   a - -1 mace (flame)
rCold   . . .      Faith    .   (no shield)
rNeg    . . .      Spirit   .   b - +0 robe
rPois   ∞          Reflect  .   (no helmet)
rElec   +          Harm     .   (no cloak)
rCorr   +          Rampage  .   (no gloves)
Will    .....                   (boots unavailable)
Stlth   +.........              (no amulet)
HPRegen 0.15/turn               (no ring)
MPRegen 0.00/turn               (no ring)

@: confused, mighty, brilliant, resistant, on berserk cooldown, fiery-armoured,
flying, slowed, very slow
A: sickness immunity, fire resistance 2, cold vulnerability 1, float, innate
caster, HP casting, extra vitality 1
a: Renounce Religion, Fiery Armour, Foxfire Swarm, Rising Flame


You were on level 3 of the Dungeon.
You worshipped Ignis.
Ignis was extremely pleased with you.
You visited 1 branch of the dungeon, and saw 4 of its levels.

You collected 172 gold pieces.

Inventory:

Hand Weapons
 a - a -1 mace of flaming (weapon)
Armour
 b - a +0 robe (worn)
 d - a +0 kite shield
Scrolls
 c - 3 scrolls of identify {unknown}
 i - a scroll of teleportation {unknown}
Potions
 f - a potion of might


   Skills:
 - Level 3.0 Fighting
 - Level 2.4 Maces & Flails
 + Level 4.8 Spellcasting


You had 9 spell levels left.
You knew the following spells:

 Your Spells              Type           Power      Damage    Failure   Level
a - Scorch                Fire           64%        2d8       2%          2
b - Foxfire               Conj/Fire      100%       2x1d9     1%          1
c - Searing Ray           Conj           64%        2d6       2%          2
Your spell library was empty.

Dungeon Overview and Level Annotations

Branches:
Dungeon (4/15)
 Temple: D:4-7

Altars:


Innate Abilities, Weirdness & Mutations

You are immune to sickness and miasma.
You are immune to poison.
Your flesh is very heat resistant. (rF++)
You are vulnerable to cold. (rC-)
You float through the air rather than walking.
You learn spells naturally, not from books.
Your magical power is your life essence.
You have superior vitality. (+4 MHP)


Message History

The orc wizard gestures at you while chanting.
You are confused.
Unknown command.
You hit the orc wizard. You burn the orc wizard.
The orc wizard is severely wounded.
The necrophage hits you.
* * * LOW HITPOINT WARNING * * *
The necrophage is burned by your cloak of flames.
The necrophage is severely damaged.
You closely miss the orc wizard.
The orc wizard is severely wounded.
The orc wizard jeers loudly, as Orcs often do.
The orc wizard gestures at you while chanting.
You are more confused.
The necrophage barely misses you.
You barely miss the orc wizard.
The orc wizard is severely wounded.
The orc wizard closely misses you.
The necrophage hits you but does no damage.
The necrophage is burned by your cloak of flames.
The necrophage is almost destroyed.
You bump into the rock wall.
The orc wizard points at you and mumbles some strange words.
You are more confused.
The necrophage hits you but does no damage.
The necrophage is burned by your cloak of flames.
The necrophage is almost destroyed.
Unknown command.
You bump into the rock wall.
You feel a strong urge to attack something.
You bump into the rock wall.
The orc wizard points at you and mumbles some strange words.
You resist with some effort. The necrophage hits you.
* * * LOW HITPOINT WARNING * * *
The necrophage is burned by your cloak of flames.
The necrophage is almost destroyed.
You feel your anger nearly subside.
You are no longer berserk.
You are exhausted.
You feel yourself slow down. The necrophage hits you.
You die...

#.######...### #..# ###...#
######### ##.#
###.#######.>.....# #.#
#...............## #.##
#########......... #..########
#........# ##.##.....###
#.........
#.........n#######.........
#######.........@o...............
........############..###........
........## ##(##.###.<...
.........# #..###.......
)........# ####..P......
<........# ###....###.#
.........# ##.#....#...#
.........#### #####..#....##...
..)...).....#####......##...##.##


You could see a necrophage and an orc wizard.

Vanquished Creatures
  2 orc priests (D:3)
  An orc wizard (D:3)
  4 adders
  5 orcs
  8 endoplasms
  3 giant cockroaches
  7 goblins
  2 hobgoblins (D:1)
  9 jackals
  A quokka (D:2)
  2 ball pythons
  4 bats
  16 frilled lizards
  6 kobolds
  4 rats
74 creatures vanquished.

Vanquished Creatures (others)
  7 plants (D:3)
7 creatures vanquished.

Grand Total: 81 creatures vanquished

Notes
Turn   | Place    | Note
-------+----------+-------------------------------------------
     0 | D:1      | Bruhh the Djinni Cinder Acolyte began the quest for the
                  | Orb.
     0 | D:1      | Reached XP level 1. HP: 20/20 MP: 0/0
   268 | D:1      | Reached XP level 2. HP: 19/25 MP: 0/0
   376 | D:1      | Reached skill level 3 in Spellcasting
  1119 | D:2      | Reached XP level 3. HP: 25/30 MP: 0/0
  1119 | D:2      | Learned a level 1 spell: Foxfire
  1450 | D:2      | Reached XP level 4. HP: 19/35 MP: 0/0
  2693 | D:3      | Reached skill level 4 in Spellcasting
  3209 | D:3      | Reached XP level 5. HP: 18/40 MP: 0/0
  3209 | D:3      | Learned a level 2 spell: Searing Ray
  4286 | D:3      | Found a faded altar of an unknown god.
  4477 | D:3      | Reached XP level 6. HP: 31/46 MP: 0/0
  4594 | D:3      | HP: 2/69 [necrophage (5)]
  4595 | D:3      | Slain by a necrophage

Illustrated notes

Levels and vault maps discovered:
D:1:      matt_arrival_diagonals, layout_loops_ring,
          chequers_serial_rivers_large_a
D:2:      layout_basic, serial_bayou_pond_e
D:3:      layout_rooms, shapermc_ecumenical_altar_pompeii, minmay_lizard_king
D:4:      black_bear_nest_2, layout_loops_cross,
          minmay_temple_entry_purple_smoke, grunt_ministairs_13

Skill      XL: |  1  2  3  4 |
---------------+-------------+-----
Spellcasting   | 3 4 |  4.8
Fighting       | |  3.0
Maces & Flails | |  2.4

Action                   |  1- 3 |  4- 6 || total
-------------------------+-------+-------++-------
Melee: Mace              |    42 |     6 ||    48
 Cast: Scorch            |    16 |    58 ||    74
Invok: Fiery Armour      |       |     1 ||     1
  Use: Potion            |       |     5 ||     5
Armor: Robe              |    18 |    14 ||    32
Dodge: Dodged            |    28 |    53 ||    81
Block: Kite shield       |     8 |       ||     8

Table legend: (Time is in decaauts)
 A = Elapsed time spent in this place.
 B = Non-inter-level travel time spent in this place.
 C = Inter-level travel time spent in this place.
 D = Time resting spent in this place.
 E = Time spent auto-exploring this place.
 F = Levels seen in this place.
 G = Mean time per level.
                   A        B        C        D        E       F      G
               +--------+--------+--------+--------+--------+-----+--------+
         Total |   4619 |   4577 |     42 |   1880 |   2304 |   4 | 1154.8 |
       Dungeon |   4619 |   4577 |     42 |   1880 |   2304 |   4 | 1154.8 |
               +--------+--------+--------+--------+--------+-----+--------+

Top non-repeatable levels by time:
     D:2: 2448 daAuts
     D:3: 1086 daAuts
     D:1: 1074 daAuts
     D:4: 10 daAuts
